 Dungeon Crawl Stone Soup version 0.26-a0-538-ge4b5d95 (webtiles) character file.

Game seed: 18401303428893808837

39 MrTaco21 the Cudgeler (level 3, -2/23 HPs)
             Began as a Gargoyle Fighter on Aug 14, 2020.
             Slain by an adder (3 damage)
             ... on level 2 of the Dungeon.
             The game lasted 00:00:44 (339 turns).

MrTaco21 the Cudgeler (Gargoyle Fighter)             Turns: 339, Time: 00:00:45

Health: -2/23      AC: 10    Str: 20    XL:     3   Next: 47%
Magic:  3/3        EV:  7    Int:  8    God:
Gold:   30         SH:  9    Dex:  9    Spells: 2/2 levels left

rFire    . . .     SeeInvis .   a - +0 flail
rCold    . . .     Faith    .   c - +0 kite shield
rNeg     + . .     Spirit   .   b - +0 scale mail
rPois    ∞         Reflect  .   (no helmet)
rElec    +         Harm     .   (no cloak)
rCorr    .                      (no gloves)
MR       .....                  (no boots)
Stlth    ..........             (no amulet)
HPRegen  0.07/turn              (no ring)
MPRegen  0.08/turn              (no ring)

@: no status effects
A: negative energy resistance 1, electricity resistance, unbreathing,
petrification resistance, rot immunity, AC +3
a: no special abilities


You were on level 2 of the Dungeon.
You visited 1 branch of the dungeon, and saw 2 of its levels.

You collected 30 gold pieces.

Inventory:

Hand Weapons
 a - a +0 flail (weapon)
Armour
 b - a +0 scale mail (worn)
 c - a +0 kite shield (worn)
Jewellery
 i - an uncursed amulet of magic regeneration {unknown}
   (You found it on level 2 of the Dungeon)
Scrolls
 f - 4 scrolls of teleportation {unknown}
 h - a scroll of identify {unknown}
Potions
 d - a potion of might
 e - a potion of invisibility {unknown}
 g - a potion of curing {unknown}


   Skills:
 - Level 3.2 Fighting
 + Level 3.8 Maces & Flails
 - Level 3.2 Armour
 - Level 3.2 Shields


You had 2 spell levels left.
You didn't know any spells.
Your spell library was empty.

Dungeon Overview and Level Annotations

Branches:
Dungeon (1/15)

Altars:


Innate Abilities, Weirdness & Mutations

You are resistant to torment.
Your stone body is resilient. (AC +3)
You are immune to poison.
You resist negative energy. (rN+)
You are resistant to electric shocks. (rElec)
You can survive without breathing.
You are immune to petrification.
You are immune to rotting.


Message History

You block the adder's attack.
You hit the adder. You block the adder's attack.
The adder completely misses you. The adder barely misses you.
The adder completely misses you. The adder bites you but does no damage.
The adder barely misses you.
You closely miss the adder. The adder bites you but does no damage.
The adder barely misses you. You block the adder's attack. x3
The adder bites you but does no damage.
You barely miss the adder. The adder bites you. The adder barely misses you. x3
You hit the adder. You block the adder's attack.
The adder bites you but does no damage. x2; You block the adder's attack.
The adder bites you but does no damage.
You miss the adder. The adder closely misses you.
The adder bites you but does no damage. You block the adder's attack.
The adder bites you but does no damage. x2; The adder barely misses you.
You closely miss the adder. You block the adder's attack. The adder misses you.
The adder bites you but does no damage.
You hit the adder. The adder closely misses you. You block the adder's attack.
The adder bites you but does no damage. The adder closely misses you.
The adder barely misses you. The adder bites you.
* * * LOW HITPOINT WARNING * * *
You closely miss the adder. The adder bites you.
* * * LOW HITPOINT WARNING * * *
The adder bites you but does no damage. You block the adder's attack.
The adder bites you but does no damage. You block the adder's attack.
The adder completely misses you.
You thump the adder!
You kill the adder!
The adder bites you but does no damage. The adder bites you.
* * * LOW HITPOINT WARNING * * *
You block the adder's attack. The adder closely misses you.
The adder bites you but does no damage. The adder barely misses you.
You see here an adder corpse.
Unknown command.
You block the adder's attack. The adder closely misses you.
The adder bites you.
* * * LOW HITPOINT WARNING * * *
You hit the adder. You closely miss the adder.
The adder bites you but does no damage. x3
The adder closely misses you.
Unknown command.
You closely miss the adder. The adder bites you but does no damage.
The adder barely misses you. You block the adder's attack. The adder bites you.
* * * LOW HITPOINT WARNING * * *
Unknown command.
You closely miss the adder. The adder completely misses you.
You block the adder's attack. x3
You hit the adder. The adder bites you but does no damage. The adder bites you.
You die...

#.#..###
#....#.###
###.#..#.###
#'#.#..#.###
#.###.#..#.###
#...###.#..#.###
###.).###.#..#.#+#
#S###...###......#
#@S.##..##.#..#.##
###..†.##.#..#.##
##..##.#..#.##
....##.#).#.##
##..##.#.)#.##
#!.##.#..#.##
#.##.#..#.##
###†#..#.##
##.#..#.##


You could see 2 adders.

Vanquished Creatures
  2 adders (D:2)
  2 dart slugs
  2 bats (D:2)
  2 giant cockroaches
  3 hobgoblins
  3 kobolds (D:1)
  3 frilled lizards (D:1)
  A rat (D:2)
18 creatures vanquished.

Notes
Turn   | Place    | Note
-------+----------+-------------------------------------------
     0 | D:1      | MrTaco21 the Gargoyle Fighter began the quest for the Orb.
     0 | D:1      | Reached XP level 1. HP: 14/14 MP: 1/1
   121 | D:1      | Reached XP level 2. HP: 17/19 MP: 2/2
   192 | D:1      | You fall into a shaft and drop 1 floor!
   319 | D:2      | Reached XP level 3. HP: 17/23 MP: 3/3
   337 | D:2      | HP: 1/23 [adder (2)]
   339 | D:2      | Slain by an adder

Illustrated notes

Levels and vault maps discovered:
D:1:      dpeg_arrival_simpleton_b, layout_loops_ring
D:2:      minmay_razor_zed, layout_loops_ring

Skill      XL: |  1  2 |
---------------+-------+-----
Maces & Flails | 3 |  3.8
Fighting       | |  3.2
Armour         | |  3.2
Shields        | |  3.2

Action                   || total
-------------------------++-------
Melee: Flail             ||    81
Armor: Scale mail        ||    83
Dodge: Dodged            ||    57
Block: Kite shield       ||    62

Table legend: (Time is in decaauts)
 A = Elapsed time spent in this place.
 B = Non-inter-level travel time spent in this place.
 C = Inter-level travel time spent in this place.
 D = Time resting spent in this place.
 E = Time spent auto-exploring this place.
 F = Levels seen in this place.
 G = Mean time per level.
                   A        B        C        D        E       F      G
               +--------+--------+--------+--------+--------+-----+--------+
         Total |    365 |    365 |      0 |      0 |    200 |   2 |  182.5 |
       Dungeon |    365 |    365 |      0 |      0 |    200 |   2 |  182.5 |
               +--------+--------+--------+--------+--------+-----+--------+

Top non-repeatable levels by time:
     D:1: 203 daAuts
     D:2: 162 daAuts
